 Dungeon Crawl Stone Soup version 0.28-a0-413-gde365fb1df (webtiles) character file.

Game seed: 8224982129682851646

80439 Amplified the Warrior (level 15, -8/149 HPs)
             Began as a Minotaur Cinder Acolyte on Sept 6, 2021.
             Was a High Priest of Ignis.
             Mangled by an ettin (28 damage)
             ... on level 2 of the Orcish Mines on Sept 7, 2021.
             The game lasted 00:34:26 (28281 turns).

Amplified the Warrior (Minotaur Cinder Acolyte)    Turns: 28281, Time: 00:34:27

Health: -8/149     AC: 21    Str: 24    XL:     15   Next: 23%
Magic:  0/15       EV: 15    Int: 16    God:    Ignis [*****.]
Gold:   425        SH:  0    Dex:  9    Spells: 12/16 levels left

rFire   + + +      SeeInvis +   o - +3 lajatang (speed)
rCold   + + +      Faith    .   (shield currently unavailable)
rNeg    + + .      Spirit   +   c - +5 ring mail "Zosiojut" {rElec rC+++ Will- rCorr}
rPois   +          Reflect  .   (helmet unavailable)
rElec   +          Harm     .   e - scarf {rC+ rF+}
rCorr   +          Rampage  .   A - +3 pair of gauntlets of War {Slay+5}
Will    .....                   r - +2 pair of boots
Stlth   ..........              J - amulet of guardian spirit
HPRegen 0.34/turn               P - ring of Ymyimnaq {Wiz rPois rF+ SInv}
MPRegen 0.14/turn               F - ring of Free Expression {rN++ Int+5 Slay+4}

@: about to teleport
A: horns 3, retaliatory headbutt, strong 1
a: Renounce Religion, Sea of Fire, Foxfire Swarm, Rising Flame


You were on level 2 of the Orcish Mines.
You worshipped Ignis.
Ignis was extremely pleased with you.
You visited 3 branches of the dungeon, and saw 21 of its levels.
You also visited: Gauntlet.

You collected 2084 gold pieces.
You spent 1659 gold pieces at shops.

Inventory:

Hand Weapons
 a - the +9 dagger "Gimyosuc" {flame, rElec}
   (You found it on level 9 of the Dungeon)

   It burns those it strikes, dealing additional fire damage.
   rElec:     It insulates you from electricity.
 o - a +3 lajatang of speed (weapon)
Missiles
 u - 59 poisoned darts
 C - a curare-tipped dart (quivered)
 L - 9 silver javelins
Armour
 c - the +5 ring mail "Zosiojut" (worn) {rElec rC+++ Will- rCorr}
   (You found it on level 6 of the Dungeon)

   rC:        It renders you almost immune to cold.
   rElec:     It insulates you from electricity.
   rCorr:     It protects you from acid and corrosion.
   Will:      It decreases your willpower.
 e - a scarf of resistance (worn)
 r - a +2 pair of boots (worn)
 A - the +3 pair of gauntlets of War (worn) {Slay+5}
   (You bought it in a shop on level 1 of the Orcish Mines)

   Slay:      It affects your accuracy & damage with ranged weapons and melee
   (+5).
Jewellery
 k - a ring of resist corrosion
 t - the ring of Obsession {rElec SInv}
   (You took it off a minotaur in a Gauntlet)

   [ring of see invisible]

   rElec:     It insulates you from electricity.
   SInv:      It lets you see invisible.
 F - the ring of Free Expression (right hand) {rN++ Int+5 Slay+4}
   (You bought it in a shop on level 8 of the Dungeon)

   [ring of slaying]

   Int:       It affects your intelligence (+5).
   Slay:      It affects your accuracy & damage with ranged weapons and melee
   (+4).
   rN:        It greatly protects you from negative energy.
 G - a ring of willpower
 J - an amulet of guardian spirit (around neck)
 M - a ring of protection from fire
 P - the ring of Ymyimnaq (left hand) {Wiz rPois rF+ SInv}
   (You found it in a Gauntlet)

   [ring of wizardry]

   It improves your spell success rate.
   rF:        It protects you from fire.
   rPois:     It protects you from poison.
   SInv:      It lets you see invisible.
Wands
 b - a wand of iceblast (6)
 h - a wand of paralysis (7)
 n - a wand of flame (121)
 p - a wand of digging (5)
 s - a wand of charming (5)
 y - a wand of mindburst (39)
 N - a wand of polymorph (8)
Scrolls
 j - 2 scrolls of summoning
 m - 3 scrolls of magic mapping
 q - 2 scrolls of vulnerability
 w - 3 scrolls of immolation
 H - 3 scrolls of blinking
 I - 3 scrolls of fog
 K - 2 scrolls of amnesia
 O - 3 scrolls of brand weapon
 S - 3 scrolls of teleportation
 V - 2 scrolls of identify
 Z - a scroll of fear
Potions
 d - 6 potions of curing
 f - a potion of haste
 g - a potion of attraction
 i - 3 potions of cancellation
 l - 5 potions of magic
 v - 2 potions of mutation
 x - 2 potions of lignification
 z - 2 potions of flight
 D - 2 potions of ambrosia
 E - 2 potions of brilliance
 X - a potion of resistance
 Y - a potion of might
Miscellaneous
 Q - a lightning rod (4/4)
 T - a tin of tremorstones (inert)


   Skills:
 * Level 18.0 Fighting
 - Level 10.1(13.6) Polearms
 - Level 15.0(16.0) Staves
 * Level 13.6 Armour
 * Level 12.6 Dodging
 - Level 1.0 Spellcasting
 - Level 2.1 Fire Magic


You had 12 spell levels left.
You knew the following spells:

 Your Spells              Type           Power      Damage    Failure   Level
a - Airstrike             Air            0%         N/A       73%         4

Your spell library contained the following spells:

 Spells                   Type           Power      Damage    Failure   Level
 Scorch                   Fire           14%        2d5       8%          2
 Beastly Appendage        Tmut           0%         N/A       12%         1
 Summon Small Mammal      Summ           0%         N/A       12%         1
 Blink                    Tloc           N/A        N/A       19%         2
 Ensorcelled Hibernation  Hex/Ice        0%         N/A       19%         2
 Slow                     Hex            0%         N/A       19%         2
 Static Discharge         Conj/Air       0%         N/A       19%         2
 Sublimation of Blood     Necr           0%         N/A       19%         2
 Wereblood                Tmut           0%         N/A       19%         2
 Call Canine Familiar     Summ           0%         N/A       34%         3
 Confusing Touch          Hex            0%         N/A       34%         3
 Frozen Ramparts          Ice            0%         1d2       34%         3
 Gell's Gravitas          Tloc           0%         N/A       34%         3
 Lesser Beckoning         Tloc           0%         N/A       34%         3
 Ozocubu's Armour         Ice            0%         N/A       34%         3
 Spider Form              Tmut/Pois      0%         N/A       34%         3
 Summon Guardian Golem    Hex/Summ       0%         N/A       34%         3
 Teleport Other           Tloc           0%         N/A       34%         3
 Tukima's Dance           Hex            0%         N/A       34%         3
 Vampiric Draining        Necr           0%         2d6       34%         3
 Sticky Flame             Conj/Fire      4%         2d3       58%         4
 Dispel Undead            Necr           0%         3d6       73%         4
 Ice Form                 Ice/Tmut       0%         N/A       73%         4
 Passage of Golubria      Tloc           N/A        N/A       73%         4
 Summon Ice Beast         Ice/Summ       0%         N/A       73%         4
 Alistair's Intoxication  Tmut/Pois      0%         N/A       96%         5
 Borgnjor's Vile Clutch   Necr/Erth      0%         N/A       96%         5
 Manifold Assault         Tloc           0%         N/A       96%         5
 Summon Forest            Summ/Tloc      0%         N/A       96%         5
 Summon Mana Viper        Hex/Summ       0%         N/A       96%         5
 Yara's Violent Unravell  Hex/Tmut       0%         3d3       96%         5
 Conjure Ball Lightning   Conj/Air       0%         3x3d6     100%        6
 Dispersal                Tloc           0%         N/A       100%        6
 Eringya's Noxious Bog    Tmut/Pois      0%         N/A       100%        6
 Summon Cactus Giant      Summ           0%         N/A       100%        6
 Summon Hydra             Summ           0%         N/A       100%        7


Dungeon Overview and Level Annotations

Branches:
Dungeon (13/15)            Temple (0/1) D:6            Lair (6/6) D:10
  Swamp (0/4) Lair:3       Spider (0/4) Lair:2        Slime (0/5) Lair:6
    Orc (2/2) D:11            Elf (0/3) Orc:2       Gauntlet (visited)
 Vaults: D:13-14

Altars:
Gozag
Nemelex Xobeh
Ru
Sif Muna
Zin
The Shining One
Beogh
Jiyva

Shops:
D:6 !   D:8 *   Orc:1 [   Orc:2 [=(**

Annotations:
Lair:3 exclusion: oklob plant
Lair:4 exclusion: oklob plant


Innate Abilities, Weirdness & Mutations

You have a pair of large horns on your head.
You reflexively headbutt those who attack you in melee.
Your muscles are strong. (Str +2)


Message History

The cyclops throws a large rock.
The large rock hits you!!
Found Sicreblybb's General Store.
The cyclops throws a large rock.
The large rock barely misses you.
Unknown command.
Okay, then.
The ettin completely misses you. The ettin closely misses you.
Unknown command.
You slice the ettin!!
The ettin is moderately wounded.
The ettin hits you with a +0 great mace.
The ettin barely misses you.
Unknown command.
You hit the ettin.
The ettin is moderately wounded.
Unknown command.
Okay, then.
The tremorstone explodes into fragments!
The burst of rock shards engulfs the fungus!!
The fungus begins to die.
The tin is emptied!
The ettin completely misses you.
The ettin hits you with a +0 vorpal dire flail!
The cyclops hits you but does no damage. x2
Unknown command.
Unknown command.
Unknown command.
Unknown command.
The cyclops throws a large rock.
The large rock hits you but does no damage.
A nearby fungus withers and dies.
The ettin hits you with a +0 great mace!!
The ettin hits you but does no damage.
The cyclops throws a large rock.
The large rock barely misses you.
You see here a +0 giant club.
As you read the scroll of teleportation, it crumbles to dust.
You feel strangely unstable. The ettin barely misses you.
The ettin hits you with a +0 vorpal dire flail!!
The cyclops barely misses you.
The ettin hits you with a +0 great mace!!
* * * LOW HITPOINT WARNING * * *
The ettin hits you with a +0 vorpal dire flail!!
You die...

..,,,,..∩...P.........#
..,,,,................#
#*,,,,...............##
#***,,................#
*,,P......C........#
***.....#.........##
*#.#......C......#
*.....#..$#C..#.##
*#.........@.....# #
##..............# #
##.#.......$..## ##
*.............# .#
**.##........## .#
***#........#* .#
*..........* .#
##.##.....## .#
****,,,,,*


You could see an ettin and 2 cyclopes.

Vanquished Creatures
  Jorgrun (Orc:2)
  Gastronok (Lair:2)
  A stone giant (Orc:2)
  Nessos (Lair:4)
  A minotaur (Gauntlet)
  2 ettins (Orc:2)
  A great orb of eyes (Gauntlet)
  A fire dragon (Lair:6)
  Fannar (D:11)
  7 hydras
  2 boulder beetles
  2 catoblepae
  4 centaur warriors
  A two-headed ogre (D:10)
  3 death yaks (Lair:6)
  Urug (Lair:3)
  An orc high priest (Orc:1)
  A fire crab (Lair:6)
  A bog body (Lair:3)
  An orc knight (Orc:1)
  4 orc sorcerers
  An ugly thing (Gauntlet)
  9 cyclopes
  8 black mambas
  A black mamba (shapeshifter) (D:13)
  14 elephants
  3 molten gargoyles (Lair:6)
  A gargoyle (D:11)
  Maggie (D:9)
  10 cane toads
  An efreet (D:13)
  A rime drake (Lair:1)
  15 komodo dragons
  A kobold demonologist (D:9)
  A hornet (D:9)
  6 slime creatures
  Prince Ribbit (D:5)
  14 blink frogs
  10 trolls
  2 polar bears
  4 dream sheep (Lair:4)
  Sigmund (D:4)
  A redback (Lair:2)
  A shadow (D:11)
  6 wraiths
  4 wyverns
  37 yaks
  2 large abominations (Gauntlet)
  7 basilisks
  A steam dragon (Lair:6)
  14 vampire mosquitoes
  3 wargs
  A swamp worm (Lair:3)
  2 acid dragons
  22 water moccasins
  Duvessa (D:6)
  5 hell hounds (Lair:6)
  14 orc warriors
  2 black bears
  38 wolves
  12 ogres
  6 centaurs
  2 phantoms
  6 kobold brigands
  Blork the orc (D:4)
  A gnoll sergeant (D:6)
  11 bullfrogs
  5 scorpions
  Dowan (D:6)
  A water moccasin skeleton (D:5)
  3 killer bees (D:9)
  6 howler monkeys
  7 wights (D:7)
  2 electric eels
  3 jellies
  4 centaur zombies
  5 lava snakes (Lair:6)
  4 hounds
  Crazy Yiuf (D:3)
  14 orc priests
  A centaur skeleton (D:5)
  A gnoll shaman (D:7)
  A bullfrog skeleton (D:6)
  An iguana (D:4)
  18 orc wizards
  2 killer bee zombies
  6 small abominations (Gauntlet)
  17 gnolls
  5 adders
  A white imp (D:5)
  3 ufetubi
  3 worms
  4 dart slugs
  63 orcs
  11 endoplasms
  4 giant cockroaches
  8 goblins
  10 hobgoblins
  8 jackals
  21 kobolds
  2 quokkas
  2 ball pythons
  7 bats
  2 frilled lizards
  A goblin skeleton (D:5)
  2 goblin zombies (D:5)
  A kobold skeleton (D:5)
  A kobold zombie (D:5)
  An orc skeleton (D:5)
  4 rats
610 creatures vanquished.

Vanquished Creatures (others)
  2 orcs (D:6)
  A bush (Lair:6)
  52 fungi
  49 plants
  4 withered plants (Gauntlet)
108 creatures vanquished.

Grand Total: 718 creatures vanquished

Notes
Turn   | Place    | Note
-------+----------+-------------------------------------------
     0 | D:1      | Amplified the Minotaur Cinder Acolyte began the quest for
                  | the Orb.
     0 | D:1      | Reached XP level 1. HP: 19/19 MP: 1/1
    97 | D:1      | Got the Guide on Weightlessness and the Frostbite
   131 | D:1      | Reached XP level 2. HP: 27/27 MP: 2/2
   190 | D:1      | Reached skill level 4 in Fighting
   491 | D:1      | Reached XP level 3. HP: 28/33 MP: 3/3
   824 | D:2      | Reached skill level 5 in Polearms
  1586 | D:2      | Found a faded altar of an unknown god.
  1636 | D:3      | Reached XP level 4. HP: 41/41 MP: 4/4
  1693 | D:3      | Found a runed translucent door.
  1694 | D:3      | Noticed Crazy Yiuf
  2052 | D:3      | You fall into a shaft and drop 3 floors!
  2198 | D:6      | Noticed a scorpion
  2212 | D:6      | Gained mutation: You have a pair of large horns on your
                  | head. [potion of mutation]
  2212 | D:6      | Gained mutation: Your muscles are strong. (Str +2) [potion
                  | of mutation]
  2241 | D:6      | Killed a scorpion
  2242 | D:6      | Reached skill level 5 in Fighting
  2242 | D:6      | Reached XP level 5. HP: 17/48 MP: 5/5
  2550 | D:7      | Noticed an orc warrior
  2720 | D:6      | Identified the +5 ring mail "Zosiojut" {rElec rC+++ Will-
                  | rCorr}
  2727 | D:5      | Entered Level 5 of the Dungeon
  2727 | D:5      | Noticed a phantom
  2758 | D:5      | Killed a phantom
  2759 | D:5      | Reached XP level 6. HP: 23/56 MP: 6/6
  3163 | D:5      | Reached skill level 6 in Fighting
  3270 | D:4      | Noticed Blork the orc
  3313 | D:5      | Found a glowing golden altar of the Shining One.
  3331 | D:5      | Noticed a water moccasin
  3343 | D:6      | Found Hadd's Distillery.
  3350 | D:6      | Bought a potion of berserk rage for 50 gold pieces
  3350 | D:6      | Bought a potion of might for 40 gold pieces
  3350 | D:6      | Bought a potion of curing for 30 gold pieces
  3361 | D:6      | Killed a water moccasin
  3362 | D:6      | Reached XP level 7. HP: 11/64 MP: 7/7
  3656 | D:6      | Bought a potion of curing for 30 gold pieces
  3797 | D:6      | Noticed Dowan
  4252 | D:3      | Killed Crazy Yiuf
  4365 | D:4      | Noticed Sigmund
  4462 | D:4      | Killed Sigmund
  4463 | D:4      | Reached skill level 7 in Fighting
  4592 | D:4      | Reached XP level 8. HP: 53/73 MP: 8/8
  4775 | D:4      | Killed Blork the orc
  4776 | D:4      | Reached skill level 10 in Polearms
  5024 | D:4      | Identified a scroll of acquirement
  5025 | D:4      | Acquired a +2 lajatang of speed
  5066 | D:5      | Reached skill level 1 in Staves
  5174 | D:5      | Reached skill level 8 in Fighting
  5398 | D:5      | Noticed Prince Ribbit
  5407 | D:5      | Killed Prince Ribbit
  5408 | D:5      | Reached skill level 5 in Staves
  5472 | D:5      | Found a sparkling altar of Nemelex Xobeh.
  5748 | D:5      | Found a shimmering blue altar of Sif Muna.
  5806 | D:6      | Reached XP level 9. HP: 75/82 MP: 9/9
  5813 | D:6      | Killed Dowan
  5843 | D:6      | Noticed Duvessa
  5891 | D:6      | Reached skill level 9 in Fighting
  6390 | D:6      | Killed Duvessa
  6626 | D:6      | Found a staircase to the Ecumenical Temple.
  7249 | D:7      | Reached skill level 10 in Fighting
  7572 | D:7      | Learned a level 4 spell: Airstrike
  7926 | D:7      | Reached skill level 10 in Staves
  8317 | D:8      | Found Feunaacoag's Assorted Antiques.
  8463 | D:8      | Reached XP level 10. HP: 84/90 MP: 10/10
  8887 | D:8      | Bought a scroll labelled HISARY NA PENK for 30 gold pieces
  8887 | D:8      | Bought a scroll labelled GADDIMUUMA for 30 gold pieces
  8887 | D:8      | Bought a scroll labelled USA HUEFUUPS for 30 gold pieces
  8887 | D:8      | Bought a potion of heal wounds for 150 gold pieces
  8887 | D:8      | Bought a golden potion for 27 gold pieces
  9248 | D:9      | Noticed a cyclops
  9254 | D:9      | Killed a cyclops
  9255 | D:9      | Reached skill level 11 in Fighting
  9382 | D:9      | Noticed a centaur warrior
  9397 | D:9      | Killed a centaur warrior
  9898 | D:9      | Identified the +9 dagger "Gimyosuc" {flame, rElec}
 10388 | D:9      | Reached skill level 12 in Fighting
 10582 | D:9      | Noticed Maggie
 10587 | D:9      | Killed Maggie
 10588 | D:9      | Reached XP level 11. HP: 88/104 MP: 11/11
 10856 | D:10     | Entered Level 10 of the Dungeon
 10864 | D:10     | Found a sacrificial altar of Ru.
 10924 | D:10     | Found a staircase to the Lair.
 10984 | D:10     | Noticed a two-headed ogre
 10993 | D:10     | Killed a two-headed ogre
 11609 | D:10     | Found an opulent altar of Gozag.
 11609 | D:10     | Found a glowing silver altar of Zin.
 12453 | D:8      | Bought a fine marble ring for 150 gold pieces
 12453 | D:8      | Identified the ring of Free Expression {rN++ Int+5 Slay+4}
                  | (You bought it in a shop on level 8 of the Dungeon)
 12646 | D:11     | Noticed Fannar
 12666 | D:11     | Killed Fannar
 12830 | D:11     | Found a staircase to the Orcish Mines.
 12861 | D:11     | Reached skill level 13 in Fighting
 13182 | D:11     | Reached skill level 15 in Staves
 13549 | D:11     | Reached skill level 1 in Armour
 13549 | D:11     | Reached skill level 1 in Dodging
 14098 | D:12     | Noticed a centaur warrior
 14105 | D:12     | Killed a centaur warrior
 14249 | D:12     | Reached XP level 12. HP: 104/115 MP: 12/12
 15034 | D:13     | Noticed a centaur warrior
 15044 | D:13     | Killed a centaur warrior
 15088 | D:13     | Noticed a centaur warrior
 15102 | D:13     | Found a gate leading to a gauntlet.
 15109 | Gauntlet | Entered a Gauntlet
 15109 | Gauntlet | Found a transporter.
 15148 | Gauntlet | Noticed an entropy weaver
 15410 | Gauntlet | Found a transporter.
 15411 | Gauntlet | Noticed a catoblepas
 15430 | Gauntlet | Found a transporter.
 15430 | Gauntlet | Found a transporter.
 15440 | Gauntlet | Noticed an entropy weaver
 15448 | Gauntlet | Found a transporter.
 15460 | Gauntlet | Noticed a death yak
 15461 | Gauntlet | Noticed a death yak
 15461 | Gauntlet | Found a transporter.
 15461 | Gauntlet | Noticed a death yak
 15461 | Gauntlet | Noticed a death yak
 15473 | Gauntlet | Noticed a great orb of eyes
 15474 | Gauntlet | Found a transporter.
 15496 | Gauntlet | Found a transporter.
 15498 | Gauntlet | Found a transporter.
 15506 | Gauntlet | Found a transporter.
 15531 | Gauntlet | Found a transporter.
 15531 | Gauntlet | Found a transporter.
 15617 | Gauntlet | Reached skill level 5 in Armour
 15626 | Gauntlet | Reached skill level 14 in Fighting
 15737 | Gauntlet | Killed a great orb of eyes
 15738 | Gauntlet | Reached skill level 5 in Dodging
 15742 | Gauntlet | Identified the ring of Ymyimnaq {Wiz rPois rF+ SInv}
 15797 | Gauntlet | Identified the ring of Obsession {rElec SInv}
 15797 | Gauntlet | Noticed a minotaur
 15803 | Gauntlet | Killed a minotaur
 15809 | Gauntlet | Identified the +0 leather armour "Wabung" {Regen+ rCorr}
 15949 | D:13     | Killed a centaur warrior
 16985 | Lair:1   | Entered Level 1 of the Lair of Beasts
 16990 | Lair:1   | Upgraded the game from 0.28-a0-409-g6a72785379 to
                  | 0.28-a0-413-gde365fb1df
 18042 | Lair:2   | Reached skill level 15 in Fighting
 18049 | Lair:2   | Reached XP level 13. HP: 63/126 MP: 13/13
 18252 | Lair:2   | Noticed Gastronok
 18342 | Lair:2   | Killed Gastronok
 19063 | Lair:2   | Found a hole to the Spider Nest.
 19500 | Lair:3   | Noticed Urug
 19512 | Lair:3   | Killed Urug
 20381 | Lair:3   | Reached skill level 10 in Armour
 20381 | Lair:3   | Found a staircase to the Swamp.
 20732 | Lair:3   | Found a sparkling altar of Nemelex Xobeh.
 20841 | Lair:4   | Noticed Nessos
 20848 | Lair:4   | Killed Nessos
 21026 | Lair:4   | Reached skill level 16 in Fighting
 21885 | Lair:4   | Reached skill level 10 in Dodging
 22154 | Lair:4   | Reached XP level 14. HP: 138/138 MP: 14/14
 23990 | Lair:6   | Entered Level 6 of the Lair of Beasts
 24297 | Lair:6   | Reached skill level 17 in Fighting
 24687 | Lair:6   | Found a large runed translucent door.
 24687 | Lair:6   | Found a large runed translucent door.
 25280 | Lair:6   | Found a staircase to the Slime Pits.
 25280 | Lair:6   | Found a viscous altar of Jiyva.
 26249 | Orc:1    | Entered Level 1 of the Orcish Mines
 26249 | Orc:1    | Found Xaosox's Antique Armour Shop.
 26743 | Orc:1    | Bought the +3 pair of gauntlets of War {Slay+5} for 1092
                  | gold pieces
 26743 | Orc:1    | Found the +3 pair of gauntlets of War {Slay+5}
 27404 | Orc:2    | Entered Level 2 of the Orcish Mines
 27415 | Orc:2    | Found a staircase to the Elven Halls.
 27426 | Orc:2    | Found Iziod's Antique Weapon Boutique.
 27427 | Orc:2    | Paralysed by an orc sorcerer for 3 turns
 27451 | Orc:2    | Reached XP level 15. HP: 126/148 MP: 13/15
 27487 | Orc:2    | Found Quilanox's Overcharged Wands.
 27831 | Orc:2    | Found Goh Ceur's Jewellery Boutique.
 28020 | Orc:2    | Found Jemurph's Antique Armour Emporium.
 28024 | Orc:2    | Noticed Jorgrun
 28034 | Orc:2    | Killed Jorgrun
 28035 | Orc:2    | Reached skill level 18 in Fighting
 28268 | Orc:2    | Found Sicreblybb's General Store.
 28281 | Orc:2    | Mangled by an ettin

Illustrated notes

Levels and vault maps discovered:
D:1:      minmay_arrival_checkered_box, layout_basic
D:2:      layout_rooms, hellmonk_ecumenical_altar_defaced_shrine,
          lemuel_old_faithful
D:3:      layout_basic, uniq_crazy_yiuf_cottage
D:4:      layout_basic, mrwooster_statue_mirror, uniq_blork_the_orc,
          uniq_sigmund
D:5:      layout_cave_pools, nemelex_dance_club_becter,
          nicolae_tso_besieged_by_evil, lemuel_blue_sif_altar,
          uniq_prince_ribbit1
D:6:      layout_rooms, minmay_temple_entry_offerings, serial_shops, shop,
          st_stairs_4, feat_on_display, uniq_duvessa
D:7:      minmay_flawed_box, layout_basic, enter_bailey_4, kennysheep_boxes
D:8:      layout_cave_pods, serial_shops, nicolae_shop_waterfront,
          kennysheep_generic_room_12
D:9:      layout_loops_ring, st_stairs_14, serial_bayou_pond_b,
          minmay_misc_feat_room, uniq_maggie
D:10:     layout_cave_pods, grunt_temple_overflow_gold_and_silver,
          mainiacjoe_overflow_tiny_flanked, due_lair_maze_entry_diamond,
          nrook_uturn
D:11:     layout_gridville, david_orc_2, uniq_fannar
D:12:     layout_grid_maze
D:13:     layout_loops_ring, gauntlet_entry_generic, minmay_misc_feat_cross
Lair:1:   layout_cave_pods, serial_bayou_shore_a
Lair:2:   layout_big_grid, spider_nest_entry_rubble,
          grunt_forest_large_clearings, uniq_gastronok
Lair:3:   layout_gridlike, nicolae_swamp_entry_splash_gauntlet,
          lemuel_oklob_altar, uniq_urug
Lair:4:   cheibrodos_lair_river_kwai, layout_regular_city, grunt_megastairs_4,
          infiniplex_staircase_pool_2, lemuel_fruit_fields, lemuel_fruit_tree,
          uniq_nessos
Lair:5:   beast_lair_carwin_large_2, layout_small_grid,
          nicolae_lair_grove_arrangements, serial_bayou_shore_b,
          infiniplex_staircase_pool
Lair:6:   cheibrodos_lair_end_hotspot, layout_cave_pods, slime_altar_1
Orc:1:    layout_caves, serial_shops, shop, rock_pile
Orc:2:    grunt_orc_gardens, layout_diamond_mine, grunt_orc_garden,
          grunt_orc_garden, grunt_orc_garden, grunt_orc_garden, basic_altar,
          nicolae_shop_overcharged_wands, uniq_jorgrun

Skill      XL: |  1  2  3  4  5  6  7  8  9 10 11 12 13 14 15 |
---------------+----------------------------------------------+-----
Polearms       | 4 5 6 7 8 9 10 | 10.1
Fighting       | 4 5 6 7 8 10 12 13 15 16 17 18 | 18.0
Staves         | 6 10 13 15 | 15.0
Armour         | 3 8 11 13 | 13.6
Dodging        | 3 7 10 12 | 12.6
Spellcasting   | |  1.0
Fire Magic     | |  2.1

Action                   |  1- 3 |  4- 6 |  7- 9 | 10-12 | 13-15 || total
-------------------------+-------+-------+-------+-------+-------++-------
Melee: Spear             |   125 |   204 |    36 |       |       ||   365
       Headbutt          |    10 |     8 |    34 |    82 |   152 ||   286
       Quarterstaff      |       |       |    46 |       |       ||    46
       Lajatang          |       |       |   230 |   461 |   660 ||  1351
       Dagger            |       |       |       |       |    32 ||    32
Throw: Dart              |       |       |       |     4 |       ||     4
Invok: Sea of Fire       |       |     2 |       |     1 |       ||     3
Evoke: Wand              |       |       |     3 |     5 |    13 ||    21
       Lightning rod     |       |       |       |     4 |     4 ||     8
       Tin of tremorston |       |       |       |     2 |     3 ||     5
  Use: Scroll            |     3 |     3 |     6 |    13 |     9 ||    34
       Potion            |       |    13 |     2 |     7 |     4 ||    26
Armor: Robe              |    18 |     4 |       |       |       ||    22
       Skin              |       |    81 |       |     4 |       ||    85
       Ring mail         |       |    18 |   117 |   146 |   273 ||   554
Dodge: Dodged            |    50 |    52 |   125 |   151 |   380 ||   758

Table legend: (Time is in decaauts)
 A = Elapsed time spent in this place.
 B = Non-inter-level travel time spent in this place.
 C = Inter-level travel time spent in this place.
 D = Time resting spent in this place.
 E = Time spent auto-exploring this place.
 F = Levels seen in this place.
 G = Mean time per level.
                   A        B        C        D        E       F      G
               +--------+--------+--------+--------+--------+-----+--------+
         Total |  27558 |  26497 |   1061 |   4230 |  18195 |  22 | 1252.6 |
       Dungeon |  16003 |  15227 |    776 |   2767 |  10031 |  13 | 1231.0 |
          Lair |   8958 |   8695 |    263 |   1249 |   6366 |   6 | 1493.0 |
  Orcish Mines |   1815 |   1794 |     21 |     20 |   1374 |   2 |  907.5 |
      Gauntlet |    780 |    780 |      0 |    193 |    423 |   1 |  780.0 |
               +--------+--------+--------+--------+--------+-----+--------+

Top non-repeatable levels by time:
  Lair:6: 2009 daAuts
  Lair:4: 1906 daAuts
     D:6: 1902 daAuts
     D:9: 1649 daAuts
    D:11: 1633 daAuts
  Lair:3: 1599 daAuts
     D:7: 1585 daAuts
    D:10: 1582 daAuts
     D:5: 1234 daAuts
  Lair:5: 1217 daAuts
  Lair:1: 1125 daAuts
  Lair:2: 1099 daAuts
    D:13: 1038 daAuts
    D:12: 1033 daAuts
     D:3: 982 daAuts
